 Dungeon Crawl Stone Soup version 0.27-a0-909-g0721f309d1 (webtiles) character file.

Game seed: 1684284266373292168

17 EnegeticOcto the Magician (level 2, -3/21 HPs)
             Began as a Djinni Conjurer on Apr 8, 2021.
             Slain by an orc
             ... wielding a +0 hand axe
              (5 damage)
             ... on level 3 of the Dungeon.
             The game lasted 00:01:01 (206 turns).

EnegeticOcto the Magician (Djinni Conjurer)          Turns: 206, Time: 00:01:02

Health: -3/21      AC:  3    Str:  6    XL:     2   Next: 62%
Gold:   9          EV: 12    Int: 19    God:
                   SH:  0    Dex: 11

rFire    + + .     SeeInvis .   (no weapon)
rCold    x . .     Faith    .   (no shield)
rNeg     . . .     Spirit   .   a - +0 robe
rPois    ∞         Reflect  .   c - +0 helmet
rElec    .         Harm     .   (no cloak)
rCorr    .         Rampage  .   (no gloves)
Will     .....                  (boots unavailable)
Stlth    ++........             (no amulet)
HPRegen  0.07/turn              (no ring)
MPRegen  0.00/turn              (no ring)

@: flying, very slightly contaminated
A: fire resistance 2, cold vulnerability 1, float, innate caster, hp casting,
extra vitality 1
a: no special abilities


You were on level 3 of the Dungeon.
You visited 1 branch of the dungeon, and saw 3 of its levels.

You collected 9 gold pieces.

Inventory:

Armour
 a - a +0 robe (worn)
 c - a +0 helmet (worn)
   (You found it on level 1 of the Dungeon)
Scrolls
 b - a scroll of enchant armour {unknown}


   Skills:
 + Level 2.6 Dodging
 + Level 2.0 Stealth
 + Level 3.8 Spellcasting


You couldn't memorise any spells.
You knew the following spells:

 Your Spells              Type           Power      Damage    Failure   Level
a - Magic Dart            Conj           72%        1d6       3%          1
b - Searing Ray           Conj           36%        3d4       4%          2
c - Dazzling Flash        Conj/Hex       36%        N/A       9%          3
d - Fulminant Prism       Conj/Hex       9%         3d7       28%         4
e - Iskenderun's Mystic   Conj/Tloc      18%        2d6       28%         4
Your spell library was empty.

Dungeon Overview and Level Annotations

Branches:
Dungeon (3/15)

Altars:


Innate Abilities, Weirdness & Mutations

You are immune to poison.
Your flesh is very heat resistant. (rF++)
You are vulnerable to cold. (rC-)
You float through the air rather than walking.
You learn spells naturally, not from books.
Your magical power is your life essence.
You have superior vitality. (+4 HP)


Message History

Confirm with . or Enter, or press ? or * to list all spells.
Aiming: Magic Dart (safe; 3% risk of failure)
Press: ? - help, Shift-Dir - straight line, f - goblin
Aim: a goblin, wielding a +0 club (0% to evade)
The magic dart hits the goblin.
The goblin is heavily wounded.
* * * LOW HITPOINT WARNING * * *
Casting: Magic Dart (safe; 3% risk of failure)
Confirm with . or Enter, or press ? or * to list all spells.
Aiming: Magic Dart (safe; 3% risk of failure)
Press: ? - help, Shift-Dir - straight line, f/p - goblin
Aim: a goblin, wielding a +0 club (heavily wounded, 0% to evade)
The magic dart hits the goblin.
You kill the goblin!
* * * LOW HITPOINT WARNING * * *
You see here a +0 club.
You reach down and open the door.
There is an open door here.
Found a stone staircase leading down.
You see here 19 bolts.
You reach down and open the door.
A giant cockroach comes into view.
There is an open door here.
Casting: Magic Dart (safe; 3% risk of failure)
Confirm with . or Enter, or press ? or * to list all spells.
Aiming: Magic Dart (safe; 3% risk of failure)
Press: ? - help, Shift-Dir - straight line, f - giant cockroach
Aim: a giant cockroach (asleep, 0% to evade)
The magic dart hits the giant cockroach.
The giant cockroach is severely wounded.
Casting: Magic Dart (safe; 3% risk of failure)
Confirm with . or Enter, or press ? or * to list all spells.
Aiming: Magic Dart (safe; 3% risk of failure)
Press: ? - help, Shift-Dir - straight line, f/p - giant cockroach
Aim: a giant cockroach (severely wounded, 0% to evade)
The magic dart hits the giant cockroach.
You kill the giant cockroach!
* * * LOW HITPOINT WARNING * * *
You see here a giant cockroach corpse.
There is a stone staircase leading down here.
(D) Dungeon
Where to? (? - help)
There is a stone staircase leading down here.
You fly downwards.
Found a hunting sling.
Found a stone staircase leading down.
There is a stone staircase leading up here.
There is a stone staircase leading down here.
(D) Dungeon
Where to? (Enter - D:2, ? - help)
You fly downwards.
A goblin comes into view. It is wielding a +0 club.
There is a stone staircase leading up here.
Casting: Magic Dart (safe; 3% risk of failure)
Confirm with . or Enter, or press ? or * to list all spells.
Aiming: Magic Dart (safe; 3% risk of failure)
Press: ? - help, Shift-Dir - straight line, f - goblin
Aim: a goblin, wielding a +0 club (asleep, 0% to evade)
You miscast Magic Dart.
You are very lightly contaminated with residual magic.
Nothing appears to happen.
The goblin shouts!
Casting: Magic Dart (safe; 3% risk of failure)
Confirm with . or Enter, or press ? or * to list all spells.
Aiming: Magic Dart (safe; 3% risk of failure)
Press: ? - help, Shift-Dir - straight line, f/p - goblin
Aim: a goblin, wielding a +0 club (0% to evade)
The magic dart hits the goblin.
The goblin is moderately wounded.
* * * LOW HITPOINT WARNING * * *
Casting: Magic Dart (safe; 3% risk of failure)
Confirm with . or Enter, or press ? or * to list all spells.
Aiming: Magic Dart (safe; 3% risk of failure)
Press: ? - help, Shift-Dir - straight line, f/p - goblin
Aim: a goblin, wielding a +0 club (moderately wounded, 0% to evade)
The magic dart hits the goblin.
You kill the goblin!
* * * LOW HITPOINT WARNING * * *
An orc comes into view. It is wielding a +0 hand axe.
Things that are here:
a +0 club; a goblin corpse 2 orcs come into view.
The orc shouts! x3; You hear a bark!
The orc hits you with a +0 hand axe.
* * * LOW HITPOINT WARNING * * *
Your magical contamination has completely faded away.
Things that are here:
a +0 club; a goblin corpse A jackal comes into view.
There is a stone staircase leading up here.
Casting: Magic Dart (safe; 3% risk of failure)
Confirm with . or Enter, or press ? or * to list all spells.
Aiming: Searing Ray (safe; 4% risk of failure)
Press: ? - help, Shift-Dir - straight line, f - orc
Aim: an orc, wielding a +0 hand axe (22% to evade)
You miscast Searing Ray.
You are very lightly contaminated with residual magic.
Nothing appears to happen.
* * * LOW HITPOINT WARNING * * *
The orc hits you with a +0 hand axe.
You die...

##########.#
##...........
#....@....#
#####o#####
#o# #o#
#...o....
####....#
...# ###


You could see 3 orcs.

Vanquished Creatures
  2 ball pythons (D:1)
  An endoplasm (D:1)
  A giant cockroach (D:1)
  4 jackals (D:1)
  2 kobolds (D:1)
  3 goblins
13 creatures vanquished.

Notes
Turn   | Place    | Note
-------+----------+-------------------------------------------
     0 | D:1      | EnegeticOcto the Djinni Conjurer began the quest for the
                  | Orb.
     0 | D:1      | Reached XP level 1. HP: 15/15 MP: 0/0
    60 | D:1      | Reached XP level 2. HP: 7/21 MP: 0/0
    69 | D:1      | Reached skill level 2 in Stealth
   206 | D:3      | Slain by an orc

Illustrated notes

Levels and vault maps discovered:
D:1:      eino_arrival_water_star, layout_loops_corners,
          minmay_misc_feat_rugged, minmay_cupped
D:2:      kennysheep_the_goblin_king, layout_loops_ring,
          minmay_misc_feat_encased, minmay_small_reverse_x, uniq_jessica
D:3:      layout_basic, yredelemnul_forgotten_temple_becter

Skill      XL: |  1  2 |
---------------+-------+-----
Stealth        | 2 |  2.0
Dodging        | |  2.6
Spellcasting   | |  3.8

Action                   || total
-------------------------++-------
 Cast: Magic Dart        ||    17
       Searing Ray       ||     1
Dodge: Dodged            ||     5

Table legend: (Time is in decaauts)
 A = Elapsed time spent in this place.
 B = Non-inter-level travel time spent in this place.
 C = Inter-level travel time spent in this place.
 D = Time resting spent in this place.
 E = Time spent auto-exploring this place.
 F = Levels seen in this place.
 G = Mean time per level.
                   A        B        C        D        E       F      G
               +--------+--------+--------+--------+--------+-----+--------+
         Total |    205 |    202 |      3 |      0 |      0 |   3 |   68.3 |
       Dungeon |    205 |    202 |      3 |      0 |      0 |   3 |   68.3 |
               +--------+--------+--------+--------+--------+-----+--------+

Top non-repeatable levels by time:
     D:1: 193 daAuts
     D:3: 9 daAuts
     D:2: 2 daAuts
